 Dungeon Crawl Stone Soup version 0.26-a0-774-g1415c89e12 (webtiles) character file.

Game seed: 3435349956103755834

67 Kinoniko the Skirmisher (level 4, -5/50 HPs)
             Began as an Ogre Monk on Nov 9, 2020.
             Slain by Sigmund
             ... wielding a +2 vampiric scythe
              (10 damage)
             ... on level 2 of the Dungeon.
             The game lasted 00:01:58 (1604 turns).

Kinoniko the Skirmisher (Ogre Monk)                 Turns: 1604, Time: 00:01:59

Health: -5/50      AC:  3    Str: 12 (15) XL:     4   Next: 18%
Magic:  4/4        EV: 10    Int: 10 (11) God:
Gold:   95         SH:  0    Dex: 10 (12) Spells: 3/3 levels left

rFire    . . .     SeeInvis .   a - +0 hand axe
rCold    . . .     Faith    .   (no shield)
rNeg     . . .     Spirit   .   b - +0 robe
rPois    .         Reflect  .   (helmet restricted)
rElec    .         Harm     .   (no cloak)
rCorr    .         Rampage  .   (gloves unavailable)
MR       .....                  (boots unavailable)
Stlth    ++........             (no amulet)
HPRegen  0.16/turn              (no ring)
MPRegen  0.09/turn              (no ring)

@: brilliant, flying
A: large, unfitting armour, tough skin 1
a: no special abilities


You were on level 2 of the Dungeon.
You visited 1 branch of the dungeon, and saw 2 of its levels.

You collected 95 gold pieces.

Inventory:

Hand Weapons
 a - a +0 hand axe (weapon)
Armour
 b - a +0 robe (worn)
Scrolls
 c - 2 scrolls of identify {unknown}
 e - a scroll of noise {unknown}


   Skills:
 * Level 5.4 Fighting
 * Level 4.0 Axes
 - Level 2.6 Dodging
 - Level 1.4 Stealth


You had 3 spell levels left.
You didn't know any spells.
Your spell library was empty.

Dungeon Overview and Level Annotations

Branches:
Dungeon (2/15)

Altars:

Annotations:
D:2 Sigmund


Innate Abilities, Weirdness & Mutations

You are too large for most types of armour.
You have tough skin. (AC +1)


Message History

You feel very buoyant.
You fly up into the air.
Something hits you.
It was a potion of brilliance.
You feel clever all of a sudden. Something hits you!
It was a potion of degeneration.
There was something very wrong with that liquid.
You feel weakened.
You feel dopey.
You feel clumsy.
It was a potion of curing.
You feel better. Something hits you.
You hit something. Something hits you.
You hit something. You hit something. Something hits you!
You hit something. Something hits you.
You closely miss something. Something hits you.
* * * LOW HITPOINT WARNING * * *
You hit something but do no damage. You hit something but do no damage.
Something hits you!
* * * LOW HITPOINT WARNING * * *
You slash something! Something hits you!
You die...

# # # ######
##### #
#....####...# #
##....#.#.# #
#...#...#.# #
#@#.#####.#####
# ........{..#
#.....####
#######.#..#
#####...#.
#.#...# ###...
#.#.#.# ####
..#.#.# #
###.#.# # ..#.#
# #


There were no monsters in sight!

Vanquished Creatures
  A gnoll (D:2)
  3 adders (D:2)
  A dart slug (D:2)
  3 giant cockroaches
  2 hobgoblins
  5 jackals
  A bat (D:1)
  6 goblins
  3 kobolds
  5 rats
30 creatures vanquished.

Notes
Turn   | Place    | Note
-------+----------+-------------------------------------------
     0 | D:1      | Kinoniko the Ogre Monk began the quest for the Orb.
     0 | D:1      | Reached XP level 1. HP: 24/24 MP: 1/1
   260 | D:1      | Reached XP level 2. HP: 29/33 MP: 2/2
   985 | D:2      | Reached XP level 3. HP: 33/41 MP: 3/3
  1003 | D:2      | Reached skill level 5 in Fighting
  1440 | D:2      | Reached XP level 4. HP: 33/50 MP: 4/4
  1584 | D:2      | Noticed Sigmund
  1604 | D:2      | Slain by Sigmund

Illustrated notes

Levels and vault maps discovered:
D:1:      dpeg_arrival_castle, layout_rooms, patterned_corridor
D:2:      minmay_wonky_spiral, layout_basic, lemuel_round_altar, uniq_jessica,
          uniq_sigmund

Skill      XL: |  1  2  3  4 |
---------------+-------------+-----
Fighting       | 5 |  5.4
Axes           | 4 |  4.0
Dodging        | |  2.6
Stealth        | |  1.4

Action                   |  1- 3 |  4- 6 || total
-------------------------+-------+-------++-------
Melee: Hand axe          |    87 |    11 ||    98
  Use: Potion            |       |     4 ||     4
 Stab: Sleeping          |     4 |       ||     4
Armor: Robe              |    25 |     2 ||    27
Dodge: Dodged            |    47 |     1 ||    48

Table legend: (Time is in decaauts)
 A = Elapsed time spent in this place.
 B = Non-inter-level travel time spent in this place.
 C = Inter-level travel time spent in this place.
 D = Time resting spent in this place.
 E = Time spent auto-exploring this place.
 F = Levels seen in this place.
 G = Mean time per level.
                   A        B        C        D        E       F      G
               +--------+--------+--------+--------+--------+-----+--------+
         Total |   1621 |   1603 |     18 |    387 |    925 |   2 |  810.5 |
       Dungeon |   1621 |   1603 |     18 |    387 |    925 |   2 |  810.5 |
               +--------+--------+--------+--------+--------+-----+--------+

Top non-repeatable levels by time:
     D:2: 876 daAuts
     D:1: 745 daAuts
